Map: Rhoskallian LE

Players

Sparvagn - Winner!

  • Race: Terran Terran
  • Spawn Location: 12:00

Poocaker - Winner!

  • Race: Protoss Protoss
  • Spawn Location: 11:00

qqq

  • Race: Zerg Zerg
  • Spawn Location: 5:00

Massa

  • Race: Terran Terran
  • League: Platinum
  • Spawn Location: 6:00

VOD

Have the link to the VOD?

Description

Time

  • Played on: Feb. 23, 2021, 4:14 p.m.
  • Length: 13:38
Show
View Real Time Build Order
Export as new Build Order

Sparvagn Terran - Winner!

Build Orders: 2 Factory, Mech 

Get SALT Encoding   

  12  0:00  SCV  
  13  0:12  SCV  
  14  0:19  Supply Depot  
  14  0:27  SCV  
  15  0:41  SCV  
  16  0:43  Barracks  
  16  0:52  Refinery  
  16  0:53  SCV  
  17  1:05  SCV  
  18  1:17  SCV  
  19  1:30  Marine  
  19  1:31  Orbital Command  
  20  1:33  Supply Depot  
  20  1:48  Marine  
  20  1:54  Bunker  
  21  1:56  Factory  
  21  2:05  Marine  
  21  2:16  SCV  
  21  2:23  Marine  
  21  2:24  Supply Depot  
  21  2:30  SCV  
  22  2:39  Factory Tech Lab  
  22  2:41  Marine  
  22  2:42  SCV  
  24  2:46  Command Center  
  24  2:51  Supply Depot  
  24  2:55  SCV  
  25  3:02  Siege Tank  
  28  3:07  SCV  
  28  3:08  Refinery  
  29  3:19  SCV  
  30  3:27  Factory  
  30  3:32  SCV  
  31  3:35  Hellion  
  33  3:48  SCV  
  34  3:56  Hellion  
  34  3:58  Engineering Bay  
  34  4:00  SCV  
  36  4:11  Factory Reactor  
  36  4:12  SCV  
  36  4:15  Factory  
  35  4:17  Orbital Command  
  35  4:21  Hellion, Infernal Pre-Igniter  
  37  4:24  SCV  
  38  4:33  Missile Turret  
  38  4:36  SCV  
  39  4:42  Cyclone  
  39  4:44  SCV  
  43  4:48  SCV  
  43  4:51  Supply Depot  
  44  4:56  SCV, Hellion  
  44  4:58  Hellion  
  44  4:59  Factory Tech Lab  
  49  5:01  SCV  
  50  5:08  SCV  
  50  5:13  SCV  
  52  5:16  Siege Tank  
  52  5:18  Hellion  
  52  5:20  SCV  
  58  5:25  SCV  
  59  5:32  Hellion x2  
  59  5:33  Supply Depot  
  63  5:38  Supply Depot  
  63  5:39  SCV x2, Hellion  
  67  5:48  Siege Tank  
  70  5:55  SCV x2, Cyclone  
  75  5:59  Missile Turret  
  75  6:01  Supply Depot  
  75  6:02  Hellion  
  75  6:03  Hellion  
  79  6:07  SCV x2  
  79  6:09  Refinery  
  79  6:11  Refinery  
  81  6:27  Hellion x2  
  81  6:28  Hellion  
  81  6:30  Command Center  
  87  6:39  SCV x2  
  89  6:51  SCV  
  90  6:57  Siege Tank  
  90  7:00  Supply Depot  
  93  7:05  SCV  
  94  7:11  Hellion  
  94  7:12  Supply Depot  
  94  7:22  Widow Mine, SCV x2, Siege Tank  
  101  7:25  Supply Depot  
  101  7:34  SCV, Hellion  
  107  7:40  SCV  
  110  7:46  SCV  
  110  7:48  Supply Depot  
  111  7:52  SCV  
  111  7:56  Missile Turret  
  113  7:59  Missile Turret  
  113  8:00  Cyclone  
  113  8:01  Cyclone  
  113  8:02  Widow Mine x2  
  113  8:04  Missile Turret  
  111  8:06  Armory  
  111  8:09  Armory  
  110  8:25  Supply Depot  
  110  8:31  Hellion x2  
  110  8:33  Cyclone x2  
  120  8:41  SCV  
  120  8:42  SCV  
  120  8:43  Missile Turret  
  120  8:46  Orbital Command, Missile Turret  
  122  8:54  SCV x2, Drilling Claws  
  124  8:56  Mag-Field Accelerator  
  124  8:58  Terran Vehicle And Ship Armor Level 1, Terran Vehicle Weapons Level 1  
  124  9:08  Thor  
  124  9:09  Thor  
  136  9:10  Hellion x2  
  110  9:49  Hellion x2  
  110  9:50  SCV x2  
  110  9:51  Thor x2  
  128  9:54  Refinery x2  
  128  9:57  Factory  
  128  9:59  Starport  
  128  10:02  SCV  
  128  10:03  Starport  
  129  10:11  Hellion x2  
  131  10:24  SCV  
  131  10:25  SCV  
  127  10:32  Hellion x2  
  125  10:36  Command Center, Supply Depot  
  125  10:37  SCV x2  
  125  10:38  Supply Depot  
  125  10:40  Starport Reactor  
  125  10:41  Starport Reactor  
  124  10:42  Factory Reactor  
  124  10:47  Factory  
  124  10:49  SCV x2  
  117  10:51  Factory  
  114  11:00  Hellion x3  
  114  11:01  SCV, Hellion  
  120  11:11  Terran Vehicle And Ship Armor Level 2, Terran Vehicle Weapons Level 2  
  120  11:22  Viking x2, Siege Tank x2  
  120  11:23  Viking  
  132  11:26  Viking  
  136  11:47  Hellion x2  
  136  11:48  Hellion  
  136  11:49  Factory Tech Lab  
  136  11:51  Factory Reactor, Viking  
  136  11:52  Viking  
  136  11:53  Viking  
  146  11:57  Refinery  
  146  12:02  Refinery  
  146  12:04  Siege Tank  
  146  12:05  Siege Tank  
  156  12:08  Hellion x2  
  156  12:09  Hellion x2  
  160  12:19  Hellion x4  
  146  12:36  Siege Tank  
  146  12:37  Viking x3, Siege Tank  
  140  12:48  Orbital Command  
  140  12:49  SCV x3  
  143  12:54  Siege Tank  
  143  12:57  Widow Mine x2, Hellion x2  
Show
View Real Time Build Order
Export as new Build Order

Poocaker Protoss - Winner!

Build Orders: Zealot Archon 

Get SALT Encoding   

  12  0:00  Probe  
  13  0:12  Probe  
  14  0:18  Pylon  
  14  0:25  Probe  
  15  0:37  Probe (Chrono Boost)  
  15  0:40  Gateway  
  16  0:46  Probe (Chrono Boost)  
  17  0:51  Probe  
  18  0:58  Assimilator  
  18  1:03  Probe  
  19  1:04  Pylon  
  19  1:15  Probe (Chrono Boost)  
  19  1:25  Assimilator  
  19  1:27  Probe (Chrono Boost)  
  19  1:30  Cybernetics Core  
  20  1:36  Gateway  
  20  1:39  Probe  
  21  1:47  Pylon  
  21  1:51  Probe  
  22  2:10  Robotics Facility  
  22  2:13  Stalker  
  22  2:14  Warp Gate (Chrono Boost)  
  24  2:24  Gateway  
  24  2:31  Stalker  
  26  2:43  Stalker  
  28  2:58  Warp Prism  
  30  3:11  Pylon  
  30  3:21  Pylon  
  30  3:24  Shield Battery  
  30  3:45  Probe  
  30  3:47  Observer  
  32  3:53  Pylon  
  32  4:01  Nexus  
  32  4:25  Adept x3  
  34  4:48  Probe  
  34  4:50  Zealot x2  
  34  4:52  Observer  
  40  5:01  Probe  
  37  5:13  Probe  
  36  5:18  Probe  
  36  5:19  Twilight Council  
  36  5:20  Pylon  
  37  5:25  Probe  
  38  5:31  Probe  
  39  5:37  Probe  
  40  5:44  Probe  
  40  5:47  Gateway  
  40  5:49  Probe, Observer  
  43  5:52  Forge  
  43  5:56  Probe  
  42  6:00  Charge (Chrono Boost)  
  42  6:01  Probe  
  43  6:08  Probe  
  43  6:10  Observer  
  45  6:13  Probe, Zealot  
  45  6:17  Templar Archives  
  48  6:21  Assimilator  
  48  6:23  Assimilator  
  48  6:25  Probe  
  48  6:26  Probe  
  48  6:32  Observer  
  51  6:34  Adept  
  51  6:36  Adept  
  51  6:38  Probe  
  56  6:57  Zealot x3  
  56  6:58  Probe, Zealot  
  56  6:59  Probe  
  66  7:03  Gateway  
  66  7:06  Psionic Storm  
  66  7:10  Probe  
  66  7:11  Probe  
  68  7:19  High Templar x3  
  74  7:23  Probe x2  
  74  7:24  Pylon  
  74  7:27  High Templar  
  74  7:28  Protoss Ground Weapons Level 1  
  78  7:31  Pylon  
  78  7:34  Pylon  
  78  7:54  Stalker x3  
  78  7:55  Archon  
  78  7:56  Archon  
  84  8:01  Shield Battery  
  84  8:16  Photon Cannon  
  84  8:19  Zealot x5  
  88  8:33  Blink (Chrono Boost)  
  88  8:39  High Templar  
  88  8:40  High Templar  
  92  8:42  Stalker x2  
  90  9:03  Stalker  
  90  9:06  Gateway  
  90  9:09  Nexus  
  86  9:30  Pylon  
  86  9:31  High Templar x3  
  86  9:36  Observer  
  88  10:02  Stalker x2  
  88  10:03  Stalker  
  88  10:05  Photon Cannon  
  86  10:09  Photon Cannon  
  81  10:24  Stalker x3  
  81  10:28  Probe x3  
  88  10:31  Stalker x3  
  88  10:32  Resonating Glaives (Chrono Boost), Assimilator  
  96  10:36  Assimilator, Protoss Ground Armor Level 1  
  96  10:40  Probe x3  
  99  10:43  Forge  
  99  10:52  Probe  
  99  10:53  Probe x2  
  102  11:04  Probe  
  102  11:05  Probe x2  
  102  11:08  Stalker x5  
  81  11:45  Zealot x6  
  77  11:47  Probe x3  
  80  12:06  Zealot x3  
  80  12:07  Zealot x3  
  92  12:12  Robotics Facility  
  90  12:36  Stalker x2  
  90  12:37  Stalker x4  
  96  12:40  Gateway  
  96  12:42  Gateway  
  102  13:02  Stalker x2  
  102  13:03  Stalker x4  
  99  13:38  Zealot x5  
Show
View Real Time Build Order
Export as new Build Order

qqq Zerg 

Build Orders: Hatch First, Brood Lord Corruptor 

Get SALT Encoding   

  12  0:01  Drone  
  13  0:09  Drone  
  14  0:18  Overlord  
  14  0:52  Hatchery  
  13  0:57  Drone  
  13  0:59  Drone  
  13  1:00  Drone  
  16  1:21  Drone  
  16  1:22  Drone  
  18  1:42  Extractor, Spawning Pool  
  18  1:45  Drone, Overlord  
  17  2:09  Drone  
  17  2:11  Drone x2  
  17  2:14  Drone  
  21  2:22  Drone  
  22  2:29  Queen  
  22  2:31  Queen  
  22  2:36  Zergling x2  
  27  2:40  Drone  
  27  2:41  Drone  
  27  2:43  Drone  
  30  2:46  Drone  
  31  2:51  Metabolic Boost  
  31  2:59  Zergling x2  
  31  3:02  Zergling x4  
  34  3:06  Zergling x2  
  34  3:12  Zergling x2  
  36  3:19  Overlord  
  36  3:36  Evolution Chamber  
  36  3:38  Drone  
  36  3:40  Drone x2  
  36  3:41  Zergling x6  
  41  3:46  Zergling x2  
  42  3:50  Zergling x2  
  42  3:53  Zergling x2  
  44  3:56  Overlord  
  44  3:58  Hatchery  
  44  4:02  Drone, Zergling x2  
  44  4:05  Overlord  
  44  4:16  Lair  
  42  4:37  Zergling x8  
  42  4:38  Drone x5  
  50  4:54  Extractor  
  50  4:56  Drone  
  50  4:57  Drone  
  51  5:12  Drone  
  51  5:13  Drone x3  
  55  5:15  Extractor  
  55  5:16  Extractor  
  53  5:25  Spire  
  53  5:27  Infestation Pit  
  51  5:31  Drone x3  
  51  5:33  Queen  
  56  5:42  Drone x2  
  56  5:51  Drone x2  
  56  5:54  Overlord x5  
  58  6:02  Hatchery  
  58  6:03  Hive  
  57  6:10  Drone  
  58  6:17  Overlord  
  58  6:18  Drone x3  
  53  6:24  Spine Crawler  
  47  6:27  Spine Crawler  
  47  6:30  Spine Crawler  
  45  6:36  Mutalisk  
  45  6:38  Mutalisk  
  49  6:41  Mutalisk  
  49  6:44  Drone  
  51  6:54  Mutalisk x2  
  50  6:55  Mutalisk  
  50  6:58  Drone  
  50  7:00  Drone  
  58  7:03  Drone  
  59  7:09  Drone x3  
  59  7:11  Mutalisk  
  64  7:17  Greater Spire  
  64  7:20  Mutalisk  
  64  7:22  Drone  
  67  7:23  Drone  
  67  7:26  Drone  
  67  7:28  Drone  
  70  7:34  Drone  
  70  7:35  Drone  
  72  7:42  Corruptor  
  72  7:43  Corruptor  
  76  7:45  Drone x2  
  76  7:48  Extractor x2  
  76  8:03  Drone x2  
  76  8:04  Drone  
  79  8:05  Corruptor x2  
  79  8:06  Corruptor  
  79  8:07  Overlord  
  85  8:23  Drone  
  85  8:24  Drone x3, Corruptor x2  
  93  8:33  Drone x2  
  95  8:38  Drone  
  96  8:47  Hatchery  
  93  9:04  Brood Lord x3  
  93  9:05  Brood Lord  
  101  9:10  Drone x3  
  104  9:29  Brood Lord x2  
  108  9:32  Hatchery, Zerg Flyer Weapons Level 1  
  108  9:38  Hatchery, Drone x3  
  107  9:39  Drone x3  
  107  9:43  Drone x3  
  95  9:52  Corruptor  
  95  9:53  Corruptor  
  95  9:54  Drone  
  100  10:00  Brood Lord  
  100  10:01  Corruptor  
  100  10:02  Corruptor  
  102  10:29  Corruptor x2  
  106  10:43  Overlord x6  
  106  10:44  Overlord x2  
  102  11:01  Brood Lord x3  
  108  11:05  Drone x2  
  110  11:13  Brood Lord x2  
  110  11:18  Hatchery, Drone, Corruptor x3  
  112  11:26  Hatchery  
  112  11:28  Corruptor  
  112  11:29  Drone  
  104  11:41  Zerg Flyer Armor Level 1  
  100  11:50  Overseer x2  
  99  12:00  Brood Lord  
  98  12:05  Spore Crawler  
  97  12:15  Corruptor  
  97  12:16  Corruptor  
  97  12:18  Hatchery  
  100  12:27  Hatchery  
  87  12:35  Hatchery  
  87  12:36  Brood Lord  
  80  12:37  Hatchery, Corruptor x2  
  80  12:38  Zergling x4  
  80  12:39  Zergling x10  
  90  12:50  Brood Lord  
  92  12:52  Brood Lord  
  92  12:55  Zergling x6  
Show
View Real Time Build Order
Export as new Build Order

Massa Terran 

Build Orders:  

Get SALT Encoding   

  12  0:00  SCV  
  13  0:12  SCV  
  14  0:19  Supply Depot  
  14  0:25  SCV  
  15  0:41  SCV  
  15  0:42  Barracks  
  16  0:47  Refinery  
  16  1:00  SCV  
  17  1:12  SCV  
  18  1:29  Orbital Command  
  18  1:34  Reaper  
  19  1:43  Supply Depot  
  19  1:46  Supply Depot  
  19  2:06  Marine  
  19  2:08  Barracks x2  
  19  2:24  Marine  
  20  2:39  SCV  
  20  2:41  Marine  
  22  2:59  Marine  
  22  3:04  Command Center  
  23  3:11  SCV  
  23  3:22  Marine  
  24  3:30  Reaper  
  24  3:32  SCV  
  26  3:45  Command Center  
  26  3:49  Marine  
  26  3:50  Factory, Supply Depot  
  27  3:58  SCV  
  27  4:02  Marine  
  29  4:04  Barracks Tech Lab  
  29  4:07  Barracks Reactor  
  28  4:11  SCV  
  27  4:28  Marauder, Marine  
  29  4:45  Marine  
  29  4:49  Hellion, Marine  
  31  5:03  Marine  
  29  5:10  Marine x3  
  32  5:15  Orbital Command  
  32  5:16  SCV  
  32  5:20  Hellion  
  35  5:23  Stimpack  
  35  5:28  SCV  
  35  5:29  Engineering Bay  
  35  5:30  Refinery  
  35  5:33  Starport  
  35  5:35  Supply Depot  
  36  5:37  Marine x2  
  36  5:38  Marine  
  36  5:39  Marine  
  36  5:40  SCV  
  41  5:48  SCV  
  42  5:52  Factory Tech Lab  
  42  5:53  SCV  
  42  5:55  Marine  
  42  5:56  Marauder  
  46  6:00  SCV  
  47  6:05  SCV  
  48  6:12  SCV, Starport Reactor  
  48  6:15  Siege Tank  
  48  6:17  SCV  
  53  6:22  Missile Turret  
  53  6:24  SCV  
  54  6:32  Terran Infantry Weapons Level 1  
  54  6:34  Barracks Tech Lab  
  54  6:35  Engineering Bay  
  54  6:38  Missile Turret  
  54  6:41  Marauder  
  54  6:42  Marine x2  
  54  6:46  Refinery  
  58  6:47  Refinery  
  58  6:49  SCV x2  
  60  7:01  SCV x2  
  60  7:03  Marauder  
  60  7:13  SCV  
  60  7:14  SCV  
  62  7:19  Siege Tank  
  62  7:21  Medivac  
  67  7:26  SCV x2  
  67  7:27  Terran Infantry Armor Level 1  
  69  7:36  Command Center  
  69  7:38  SCV  
  70  7:44  Supply Depot  
  70  7:47  Armory  
  70  7:54  Missile Turret  
  70  8:04  Combat Shield  
  70  8:05  SCV x2, Siege Tank  
  70  8:10  Supply Depot  
  75  8:18  SCV  
  76  8:20  Ghost Academy  
  76  8:22  Concussive Shells  
  76  8:23  Medivac  
  78  8:32  Medivac  
  78  8:33  Marauder  
  84  8:34  Marauder  
  84  8:40  SCV x2  
  86  8:52  SCV  
  67  9:29  Siege Tank  
  67  9:30  Marauder x2  
  69  9:39  Marine x2  
  69  9:41  Liberator  
  69  9:42  Liberator  
  77  9:50  SCV x2  
  77  9:52  Marauder x2  
  83  9:57  Marine  
  80  10:01  Siege Tank  
  79  10:13  Marauder x2  
  83  10:17  Marine x2  
  74  10:28  Medivac x2  
  74  10:33  Siege Tank  
  74  10:34  Marauder  
  74  10:35  Marauder, Marine x2  
  87  10:53  Marine x2  
  87  10:56  Marauder x2  
  93  11:05  Siege Tank  
  93  11:06  SCV x2  
  98  11:11  Barracks  
  98  11:14  Barracks  
  98  11:15  Enhanced Shockwaves  
  98  11:17  Terran Infantry Armor Level 2, Marauder, Terran Infantry Weapons Level 2  
  101  11:18  SCV  
  101  11:24  Supply Depot  
  101  11:26  Supply Depot x2  
  101  11:30  SCV x2  
  101  11:31  Marauder  
  85  11:48  Supply Depot  
  85  11:49  Marine  
  85  11:50  Marauder, Marine  
  85  11:52  Marauder  
  91  12:04  Barracks Tech Lab  
  91  12:05  Barracks Tech Lab  
  91  12:06  Planetary Fortress  
  91  12:07  Marine x2  
  93  12:09  Refinery, SCV  
  93  12:10  SCV, Ghost  
  93  12:11  Refinery  
  97  12:22  SCV x2  
  96  12:34  SCV  
  96  12:39  Ghost  
  96  12:40  SCV  
  96  12:42  Marauder x3, Marine x2  
  104  12:46  SCV  
  105  12:53  SCV  
  106  13:00  Marine x2  
  106  13:03  Marauder x2  
  112  13:17  Marauder x2  
  112  13:18  Marine x2  
Tags
 
Add a new tag
Caveats
  • Supply blocks, unpowered buildings, or Contaminate may cause inaccurate times.
  • Supply counts are checked every 10 seconds.